 Dungeon Crawl Stone Soup version 0.31.0-32-g396128a36d (webtiles) character file.

Game seed: 17313624018630925517

37932 Peloso the Tortoise (level 13, -6/109 (119) HPs)
             Began as a Minotaur Fighter on Mar 16, 2024.
             Was a High Priest of Okawaru.
             Killed from afar by an orc sorcerer (26 damage)
             ... with a bolt of negative energy
             ... on level 2 of the Orcish Mines.
             The game lasted 00:39:26 (23288 turns).

Peloso the Tortoise (Minotaur Fighter)             Turns: 23288, Time: 00:39:26

HP:   -6/109 (119)  AC: 22    Str: 21    XL:     13   Next: 61%
MP:   13/13         EV:  9    Int:  5    God:    Okawaru [*****.]
Gold: 1475          SH: 14    Dex: 21    Spells: 12/12 levels left

rFire   + . .        a - +3 scimitar (flame)
rCold   . . .        d - +0 buckler
rNeg    . . .        r - +0 plate armour
rPois   .            (helmet restricted)
rElec   .            C - +2 cloak
rCorr   .            N - +0 pair of gloves
SInv    .            (no boots)
Will    .....        I - amulet of reflection
Stlth   x              - +6 ring of dexterity
HPRegen 0.38/turn    O - ring of protection from fire
MPRegen 0.13/turn

%: reflection
@: studying Shields, drained
A: horns 2, retaliatory headbutt
a: Renounce Religion, Heroism, Finesse, Duel


You were on level 2 of the Orcish Mines.
You worshipped Okawaru.
Okawaru was extremely pleased with you.
You visited 4 branches of the dungeon, and saw 17 of its levels.
You also visited: Sewer and Ossuary.

You collected 1475 gold pieces.

Inventory:

Hand Weapons
 a - a +3 scimitar of flaming (weapon)
 b - a +1 scimitar of flaming
 c - a +0 scimitar
Armour
 d - a +0 buckler (worn)
 r - a +0 plate armour (worn)
 C - a +2 cloak (worn)
 N - a +0 pair of gloves (worn)
Jewellery
 f - an amulet of faith
 k - a ring of flight
 s - a ring of see invisible
 x - a +6 ring of dexterity (left hand)
 I - an amulet of reflection (around neck)
 O - a ring of protection from fire (right hand)
Talismans
 z - a maw talisman
Wands
 l - a wand of flame (17)
 B - a wand of mindburst (4)
 J - a wand of quicksilver (7)
 L - a wand of digging (7)
Scrolls
 e - 7 scrolls of teleportation
 h - a scroll of enchant armour
 i - 3 scrolls of revelation
 j - 2 scrolls of summoning
 o - 4 scrolls of blinking
 p - 5 scrolls of amnesia
 t - 3 scrolls of enchant weapon
 D - 2 scrolls of poison
 E - 2 scrolls of fog
 G - 3 scrolls of vulnerability
 P - a scroll of fear {unknown}
 Q - a scroll of brand weapon {unknown}
Potions
 g - 3 potions of resistance
 m - a potion of magic
 n - 2 potions of might
 q - 3 potions of enlightenment
 u - 4 potions of brilliance
 v - 4 potions of haste
 w - 2 potions of cancellation
 A - a potion of heal wounds
 H - a potion of mutation
 K - 2 potions of curing
 M - 3 potions of ambrosia {unknown}
Miscellaneous
 y - a condenser vane
 F - a phial of floods


   Skills:
 + Level 12.8 Fighting
 + Level 15.2 Long Blades
 + Level 0.7 Axes
 + Level 15.5 Armour
 + Level 4.5 Dodging
 + Level 1.6 Stealth
 + Level 14.5 Shields
 + Level 1.7 Invocations
 + Level 1.7 Evocations
 + Level 1.0 Shapeshifting


You had 12 spell levels left.
You didn't know any spells.
Your spell library contained the following spells:

 Spells                   Type           Power      Damage    Failure   Level
 Apportation              Tloc           0%         N/A       99%         1
 Foxfire                  Conj/Fire      0%         2x1d4     99%         1
 Sandblast                Erth           0%         2d4       99%         1
 Slow                     Hex            0%         N/A       99%         1
 Blink                    Tloc           0%         N/A       100%        2
 Jinxbite                 Hex            0%         N/A       100%        2
 Lesser Beckoning         Tloc           0%         N/A       100%        2
 Momentum Strike          Conj/Tloc      0%         3d8       100%        2
 Confusing Touch          Hex            0%         N/A       100%        3
 Gell's Gravitas          Tloc           0%         N/A       100%        3
 Passwall                 Erth           0%         N/A       100%        3
 Sigil of Binding         Hex            0%         N/A       100%        3
 Stone Arrow              Conj/Erth      0%         3d7       100%        3
 Teleport Other           Tloc           0%         N/A       100%        3
 Vampiric Draining        Necr           0%         2d6       100%        3
 Brom's Barrelling Bould  Conj/Erth      0%         2d3       100%        4
 Alistair's Intoxication  Alch           0%         N/A       100%        5
 Fireball                 Conj/Fire      0%         3d3       100%        5
 Iskenderun's Battlesphe  Conj           0%         2d6       100%        5
 Conjure Ball Lightning   Conj/Air       0%         3x3d6     100%        6
 Plasma Beam              Fire/Air       0%         2x1d10    100%        6
 Starburst                Conj/Fire      0%         6d3       100%        6
 Orb of Destruction       Conj           0%         9d5       100%        7


Dungeon Overview and Level Annotations

Branches:
Dungeon (11/15)            Temple (1/1) D:6            Lair (3/5) D:8
 Shoals (0/4) Lair:2        Snake (0/4) Lair:2          Orc (2/2) D:11
    Elf (0/3) Orc:2         Sewer (visited)         Ossuary (visited)

Altars:
Ashenzari
Cheibriados
Dithmenos
Elyvilon
Fedhas
Gozag
Hepliaklqana
Kikubaaqudgha
Makhleb
Nemelex Xobeh
Okawaru
Qazlal
Ru
Sif Muna
Trog
Uskayaw
Vehumet
Wu Jian
Xom
Yredelemnul
Zin
The Shining One

Shops:
D:11 [(   Orc:1 [   Orc:2 :[

Portals:
Trove: D:11 (give 4 scrolls of fear)

Annotations:
Orc:2 2 runed translucent doors, Anonkat's ghost, journeyman MiFi


Innate Abilities, Weirdness & Mutations

You have a pair of horns on your head.
You reflexively headbutt those who attack you in melee.


Message History

The orange demon stings you but does no damage.
You block the warg's attack.
You hit the warg but do no damage.
The warg is almost dead.
You block the warg's attack.
The orange demon stings you but does no damage.
You slice the warg!! You burn the warg.
You kill the warg!
Okawaru accepts your kill. You block the orange demon's attack.
You block the orange demon's attack. x2
You slice the orange demon!! You burn the orange demon.
You headbutt the orange demon!
The orange demon is almost dead.
You hit the orange demon. You burn the orange demon.
You kill the orange demon!
The orange demon disappears in a puff of smoke!
The orc sorcerer casts a spell at you. The bolt of fire hits you. You resist.
You slash the orc sorcerer! You burn the orc sorcerer.
The orc sorcerer is moderately wounded.
You block the orc sorcerer's attack.
You hit the orc sorcerer. You burn the orc sorcerer.
The orc sorcerer is heavily wounded.
The orc sorcerer gestures at you while chanting.
The bolt of negative energy hits you!!
You feel drained.
* * * LOW HITPOINT WARNING * * *
You hit the orc sorcerer but do no damage.
You headbutt the orc sorcerer!
The orc sorcerer is severely wounded.
The smoke demon disappears in a puff of smoke!
You closely miss the orc sorcerer.
The orc sorcerer is severely wounded.
The orc sorcerer hits you but does no damage.
You hit the orc sorcerer. You burn the orc sorcerer.
Your headbutt misses the orc sorcerer.
The orc sorcerer is almost dead.
The orc sorcerer casts a spell at you. The bolt of negative energy hits you!!
You feel drained.
You die...

......................##.##...
.....8.8.........#...##.......
........3...o...#.............
...##''o##..o#o.......#####...
# #...).###oo#.##...##.∩.##..
#83oh8# ##o#####.##.....##.
##..)## #o# #.#..._...#. #..o#
#o# #.#...8...#. +..o+ #@#
#.#.......#. #h..# #.#
#.##.....##. #.8o# #†#
##.##...##.. #o.o# #.#
##..###'#... '.oh'
#.#####...........
#.##.##.....)##)..
##.#...#.....)))###
#.....#...#.######
##........#######.##


You could see an orc sorcerer, 3 orc warriors, an orc wizard and 3 orcs.

Vanquished Creatures
  Azrael (Orc:1)
  Snorg (D:10)
  Harold (Orc:1)
  2 hydras
  Erica (D:11)
  2 two-headed ogres
  A boulder beetle (D:11)
  A death yak (D:8)
  Sonja (Lair:3)
  An orc knight (Orc:1)
  2 cyclopes (D:11)
  2 manticores
  Maurice (D:7)
  8 elephants
  2 black mambas
  6 cane toads
  A gargoyle (D:8)
  Maggie (D:7)
  An unseen horror (D:11)
  11 komodo dragons
  Psyche (D:8)
  3 trolls
  5 polar bears (Lair:3)
  A hornet (D:11)
  Prince Ribbit (D:7)
  A wind drake (Lair:1)
  A vampire (D:9)
  A wraith (D:9)
  4 wyverns
  A shadow (D:10)
  40 yaks
  3 fire elementals (Orc:1)
  3 basilisks
  3 wargs (Orc:2)
  A steam dragon (D:6)
  3 vampire mosquitoes (D:11)
  A naga (Lair:1)
  An acid dragon (D:9)
  11 water moccasins
  Duvessa (D:7)
  2 hell hounds (Orc:1)
  A sky beast (D:7)
  3 black bears
  21 orc warriors
  3 ice beasts (D:6)
  3 ogres
  8 wolves
  A centaur (D:11)
  A phantom (D:6)
  6 kobold brigands
  2 gnoll sergeants
  8 bullfrogs
  3 scorpions
  10 wights
  Dowan (D:7)
  4 killer bees (D:10)
  An electric eel (D:8)
  9 howler monkeys
  3 hounds
  A spectral scorpion (Ossuary)
  3 jellies
  A bombardier beetle (D:6)
  A gnoll bouda (D:7)
  18 orc priests
  Crazy Yiuf (D:2)
  3 centaur skeletons (Ossuary)
  6 iguanas
  6 hell rats
  13 orc wizards
  A crocodile zombie (Ossuary)
  10 mummies (Ossuary)
  8 adders
  12 gnolls
  2 river rats
  4 shadow imps
  4 white imps (D:6)
  2 ufetubi (D:7)
  2 dart slugs
  2 ribbon worms (D:3)
  62 orcs
  8 ball pythons
  3 endoplasms (D:1)
  3 giant cockroaches
  7 goblins
  3 hobgoblins
  8 jackals
  33 kobolds
  2 quokkas
  6 bats
  A frilled lizard (D:3)
  3 gnoll skeletons (Ossuary)
  A kobold skeleton (Ossuary)
  An orc skeleton (Ossuary)
  14 rats
  10 spectral rats (Ossuary)
488 creatures vanquished.

Vanquished Creatures (others)
  An orc (D:8)
1 creature vanquished.

Grand Total: 489 creatures vanquished

Notes
Turn   | Place    | Note
-------+----------+-------------------------------------------
     0 | D:1      | Peloso the Minotaur Fighter began the quest for the Orb.
     0 | D:1      | Reached XP level 1. HP: 19/19 MP: 0/0
   117 | D:1      | Reached XP level 2. HP: 27/27 MP: 1/1
   229 | D:1      | Found a faded altar of an unknown god.
  1044 | D:2      | Reached XP level 3. HP: 33/33 MP: 2/2
  1249 | D:2      | Found a basalt altar of Yredelemnul.
  1445 | D:2      | Reached skill level 1 in Dodging
  1666 | D:2      | Found a runed translucent door.
  1667 | D:2      | Noticed Crazy Yiuf
  1730 | D:3      | Found a glowing golden altar of the Shining One.
  1730 | D:3      | Found an ornate altar of the Wu Jian Council.
  1731 | D:3      | Found a shadowy altar of Dithmenos.
  1739 | D:3      | Found an iron altar of Okawaru.
  1789 | D:3      | Reached XP level 4. HP: 35/40 MP: 3/3
  1793 | D:3      | Found a glowing drain.
  1800 | Sewer    | Entered a sewer
  1915 | Sewer    | Noticed a kobold brigand
  2001 | Sewer    | HP: 2/40 [poisoned by a kobold brigand]
  2143 | Sewer    | Killed a kobold brigand
  2144 | Sewer    | Reached XP level 5. HP: 12/47 MP: 4/4
  2287 | Sewer    | Found a white marble altar of Elyvilon.
  2661 | D:3      | Found an opulent altar of Gozag.
  2915 | D:3      | Reached skill level 5 in Armour
  3444 | D:4      | Reached XP level 6. HP: 12/53 MP: 5/5
  3541 | D:4      | Found a sand-covered staircase.
  3546 | Ossuary  | Entered an ossuary
  3680 | Ossuary  | Reached skill level 5 in Long Blades
  3864 | Ossuary  | Reached XP level 7. HP: 59/60 MP: 6/6
  4445 | D:4      | Reached skill level 5 in Fighting
  4445 | D:4      | Reached skill level 5 in Shields
  4772 | D:5      | Entered Level 5 of the Dungeon
  5190 | D:5      | Reached XP level 8. HP: 53/68 MP: 7/7
  5538 | D:6      | Reached skill level 1 in Stealth
  6133 | D:6      | Found a staircase to the Ecumenical Temple.
  6154 | Temple   | Entered the Ecumenical Temple
  6310 | D:3      | Became a worshipper of Warmaster Okawaru
  6990 | D:6      | Found a large runed translucent door.
  6990 | D:6      | Found a large runed translucent door.
  6997 | D:6      | Noticed a manticore
  7003 | D:6      | Found a large runed translucent door.
  7003 | D:6      | Found a large runed translucent door.
  7043 | D:6      | Noticed a komodo dragon
  7050 | D:6      | Killed a komodo dragon
  7058 | D:6      | Reached XP level 9. HP: 41/78 MP: 8/8
  7268 | D:6      | Reached * piety under Okawaru
  7810 | D:6      | Killed a manticore
  7811 | D:6      | Reached skill level 10 in Long Blades
  8559 | D:7      | Noticed Duvessa
  8567 | D:7      | Noticed Dowan
  8568 | D:7      | Killed Duvessa
  8577 | D:7      | Killed Dowan
  8854 | D:7      | Reached ** piety under Okawaru
  8857 | D:7      | Noticed Prince Ribbit
  8875 | D:7      | Killed Prince Ribbit
  9047 | D:7      | Noticed Maggie
  9055 | D:7      | Killed Maggie
  9056 | D:7      | Reached skill level 10 in Armour
  9056 | D:7      | Reached skill level 1 in Shapeshifting
  9056 | D:7      | Reached XP level 10. HP: 75/88 MP: 9/9
  9203 | D:7      | Noticed Maurice
  9216 | D:7      | Killed Maurice
  9568 | D:8      | Noticed Psyche
  9585 | D:8      | Killed Psyche
  9595 | D:8      | Found a staircase to the Lair.
  9595 | D:8      | Noticed an elephant
  9607 | D:8      | Noticed a gargoyle
  9627 | D:8      | Reached *** piety under Okawaru
 10092 | D:7      | Reached skill level 1 in Evocations
 10228 | D:7      | Reached **** piety under Okawaru
 10919 | D:8      | Killed an elephant
 11000 | D:8      | Killed a gargoyle
 11109 | D:8      | Reached XP level 11. HP: 85/97 MP: 10/10
 11160 | D:8      | Noticed a death yak
 11172 | D:8      | Killed a death yak
 11183 | D:8      | Reached ***** piety under Okawaru
 11904 | D:9      | Noticed a two-headed ogre
 11913 | D:9      | Killed a two-headed ogre
 12497 | D:10     | Entered Level 10 of the Dungeon
 12801 | D:10     | Received a gift from Okawaru
 12942 | D:10     | Noticed a two-headed ogre
 12948 | D:10     | Killed a two-headed ogre
 12951 | D:10     | Noticed Snorg
 12967 | D:10     | Killed Snorg
 13747 | D:10     | Found a hazy altar of Hepliaklqana.
 14186 | D:8      | Reached skill level 1 in Invocations
 14251 | Lair:1   | Entered Level 1 of the Lair of Beasts
 14888 | Lair:1   | Reached skill level 10 in Fighting
 14889 | Lair:1   | Reached XP level 12. HP: 106/106 MP: 11/11
 14898 | Lair:1   | Received a gift from Okawaru
 16312 | Lair:2   | Reached skill level 10 in Shields
 16560 | Lair:2   | Found a staircase to the Snake Pit.
 16949 | Lair:2   | Noticed an eight-headed hydra
 16955 | Lair:2   | Killed a six-headed hydra
 17170 | Lair:2   | Found a staircase to the Shoals.
 18212 | D:2      | Killed Crazy Yiuf
 18682 | D:11     | Found a portal to a secret trove of treasure.
 18763 | D:11     | Noticed a boulder beetle
 18774 | D:11     | Killed a boulder beetle
 18896 | D:11     | Found Dyhau's Weapon Shoppe.
 18896 | D:11     | Found a staircase to the Orcish Mines.
 18898 | D:11     | Found Pyal's Armour Shoppe.
 19486 | D:11     | Reached XP level 13. HP: 71/116 MP: 12/12
 19609 | D:11     | Noticed Erica
 19623 | D:11     | Killed Erica
 19934 | Lair:3   | Received a gift from Okawaru
 19935 | Lair:3   | Reached skill level 15 in Armour
 20039 | Lair:3   | Reached skill level 15 in Long Blades
 20111 | Lair:3   | Noticed Sonja
 20126 | Lair:3   | Killed Sonja
 21084 | Orc:1    | Entered Level 1 of the Orcish Mines
 21275 | Orc:1    | Found Lysh's Armour Emporium.
 21435 | Orc:1    | Noticed Harold
 21448 | Orc:1    | Killed Harold
 21795 | Orc:2    | Entered Level 2 of the Orcish Mines
 21795 | Orc:2    | Found a staircase to the Elven Halls.
 21805 | Orc:2    | Noticed Azrael
 21842 | Orc:1    | Received a gift from Okawaru
 22171 | Orc:1    | Killed Azrael
 22623 | Orc:2    | Found Veuceudu's Antique Armour Shop.
 22925 | Orc:2    | Found Dow Jemu's Book Shop.
 22933 | Orc:2    | Found a large runed translucent door.
 22933 | Orc:2    | Found a large runed translucent door.
 22950 | Orc:2    | Noticed Anonkat's ghost (journeyman MiFi)
 23288 | Orc:2    | Killed from afar by an orc sorcerer

Illustrated notes

Levels and vault maps discovered:
D:1:      dpeg_arrival_boxes_within_box, layout_loops_corners,
          shapermc_ecumenical_altar_pompeii
D:2:      layout_loops_cross, basic_altar, minmay_misc_feat_columns,
          minmay_pentomino_o4, uniq_crazy_yiuf_cottage
D:3:      layout_basic, nicolae_gozag_seed_capital,
          nicolae_overflow_quartered_altars, gup_sewer_entry_bubbles,
          hangedman_decor_clover_reticule
D:4:      layout_loops_ring, enter_ossuary_2, moated_statue
D:5:      layout_basic
D:6:      layout_basic, minmay_temple_entry_ruins, minmay_hollow_rounded_squares
D:7:      layout_basic, uniq_duvessa, uniq_maggie, uniq_maurice,
          uniq_prince_ribbit1
D:8:      argonaut_augean_stables, layout_rooms, david_lair_generic, uniq_psyche
D:9:      layout_gridville, dk_vineyard_2
D:10:     layout_loops_ring, nzn_hepliaklqana_mist_gate,
          kennysheep_generic_room_9, uniq_snorg
D:11:     layout_small_grid, orc_david_3, nicolae_trove_entry_isolated,
          uniq_erica
Temple:   kb_temple_of_zot
Lair:1:   layout_cave_shapes, grunt_megastairs_4
Lair:2:   layout_layer_cave, minmay_shoals_entry_beasts,
          guppyfry_snake_entry_island
Lair:3:   layout_long_grid, cheibrodos_lair_lostbears, uniq_sonja
Orc:1:    layout_diamond_mine, serial_shops, nicolae_shop_just_a_little_nook,
          mines4_lemuel, uniq_harold
Orc:2:    grunt_orc_community_town_hall, layout_caves,
          grunt_orc_community_big_house_1, grunt_orc_community_big_house_2,
          grunt_orc_community_house_1, grunt_orc_community_house_2,
          grunt_orc_community_house_3, grunt_orc_community_house_3,
          grunt_orc_community_house_3, grunt_orc_community_house_3,
          serial_shops, nicolae_diamond_shop, ebering_ghost_disaster_area,
          nicolae_orc_stony_grotto, abandoned_shop, uniq_azrael

Skill      XL: |  1  2  3  4  5  6  7  8  9 10 11 12 13 |
---------------+----------------------------------------+-----
Armour         | 4 5 6 7 8 10 11 13 14 15 | 15.5
Shields        | 4 5 6 7 9 11 14 | 14.5
Fighting       | 4 5 6 7 9 10 11 12 | 12.8
Dodging        | 1 2 3 4 |  4.5
Long Blades    | 3 4 5 6 8 10 12 14 15 | 15.2
Stealth        | 1 |  1.6
Shapeshifting  | 1 |  1.0
Evocations     | 1 |  1.7
Invocations    | 1 |  1.7
Axes           | |  0.7

Action                     |  1- 3 |  4- 6 |  7- 9 | 10-12 | 13-15 || total
---------------------------+-------+-------+-------+-------+-------++-------
  Melee: Long sword        |    97 |   208 |   374 |   831 |    10 ||  1520
         Headbutt          |    13 |    41 |    89 |   248 |    86 ||   477
         War axe           |       |       |       |     3 |       ||     3
         Scimitar          |       |       |       |       |   358 ||   358
 Invoke: Heroism           |       |       |     2 |    11 |     5 ||    18
  Evoke: Condenser vane    |       |       |     1 |       |       ||     1
         Wand              |       |       |       |     2 |       ||     2
    Use: Potion            |     3 |     5 |     3 |     2 |       ||    13
         Scroll            |       |       |    11 |     5 |     3 ||    19
 Armour: Scale mail        |    83 |   122 |       |       |       ||   205
         Chain mail        |       |    61 |   108 |       |       ||   169
         Plate armour      |       |       |   104 |   677 |   252 ||  1033
         Skin              |       |       |     3 |       |       ||     3
  Dodge: Dodged            |    51 |   105 |   111 |   316 |   131 ||   714
  Block: Buckler           |    27 |    65 |    71 |   335 |   265 ||   763
         Reflection        |       |       |       |     8 |     2 ||    10
         Form:             |       |       |     1 |       |       ||     1
         Maw               |       |       |     1 |       |       ||     1
